PL
D.C. DIVIDED @ BOSTON PATRIOTS
09/15/2034
 
TOP OF THE 1ST
D.C. Divided batting - Pitching for Boston Patriots : RHP Valentín Rivera
Pitching: RHP Valentín Rivera
Batting: RHB Arturo Rodríguez 0-0: Swinging Strike
0-1: Fly out, F4 (Popup, 3DF)
Batting: RHB Ken Bone 0-0: Ground out 3-1 (Groundball, 34)
Batting: RHB José Torres 0-0: Ball
1-0: Ball
2-0: Fly out, F9 (Line Drive, 9)
Top of the 1st over - 0 runs, 0 hits, 0 errors, 0 left on base; D.C. 0 - Boston 0
BOTTOM OF THE 1ST
Boston Patriots batting - Pitching for D.C. Divided : RHP Iván Vázquez
Pitching: RHP Iván Vázquez
Batting: SHB Edward Sterrenburg 0-0: Ball
1-0: DOUBLE (Line Drive, 9LM)
Batting: LHB Manuel Carmona 0-0: Called Strike
0-1: Ball
1-1: Fly out, F8 (Flyball, 8LD)
Batting: LHB Adrián Gómez 0-0: Ball
1-0: Ball
2-0: Ball
3-0: Called Strike
3-1: Swinging Strike
3-2: Fly out, F8 (Flyball, 8LXD)
Runner from 2nd tags up, SAFE at 3rd, no throw
Batting: LHB Jorge Alejándrez 0-0: Called Strike
0-1: Called Strike
0-2: Ground out 6-3 (Groundball, 6M)
Bottom of the 1st over - 0 runs, 1 hit, 0 errors, 1 left on base; D.C. 0 - Boston 0
TOP OF THE 2ND
D.C. Divided batting - Pitching for Boston Patriots : RHP Valentín Rivera
Batting: LHB Yao-pang Chiang 0-0: Called Strike
0-1: Fly out, F9 (Flyball, 9S)
Batting: RHB Daryl Yandell 0-0: Swinging Strike
0-1: SINGLE (Groundball, 4MD)
Batting: RHB Dan Vanblarcom 0-0: Fly out, F3 (Flyball, 34D)
Batting: RHB Oliver Aranda 0-0: Foul Ball, location: 2F
0-1: SINGLE (Line Drive, 56)
Daryl Yandell to second
Batting: RHB Amon-Ra St. Brown 0-0: Called Strike
0-1: Ball
1-1: Called Strike
1-2: Ball
2-2: Strikes out swinging
Top of the 2nd over - 0 runs, 2 hits, 0 errors, 2 left on base; D.C. 0 - Boston 0
BOTTOM OF THE 2ND
Boston Patriots batting - Pitching for D.C. Divided : RHP Iván Vázquez
Batting: RHB Roland Deschain 0-0: Foul Ball, location: 2F
0-1: Ground out 4-3 (Groundball, 4)
Batting: RHB Dennis Wacher 0-0: Ball
1-0: SINGLE (Groundball, 56D)
Batting: RHB Anselmo Berneu 0-0: Ball
Dennis Wacher steals 2nd base
1-0: Foul Ball, location: 2F
1-1: SINGLE (Flyball, 89S)
Dennis Wacher to third
Runner from 3rd tries for Home, SAFE, no throw
Batting: RHB Stanley van de Ven 0-0: Swinging Strike
0-1: Ball
1-1: Ball
2-1: Foul Ball, location: 2F
2-2: Strikes out swinging
Batting: RHB Francisco Agámez 0-0: Swinging Strike
0-1: Foul Ball, location: 2F
0-2: SINGLE (Line Drive, 6M)
Anselmo Berneu to second
Runner from 2nd tries for 3rd, SAFE, no throw
Batting: SHB Edward Sterrenburg 0-0: Called Strike
0-1: Foul Ball, location: 2F
0-2: TRIPLE (Flyball, 9LD)
Anselmo Berneu scores
Francisco Agámez scores
Batting: LHB Manuel Carmona 0-0: Ball
1-0: Called Strike
1-1: Ball
2-1: Ball
3-1: Base on Balls
Batting: LHB Adrián Gómez 0-0: Foul Ball, location: 2F
0-1: Swinging Strike
0-2: Foul Ball, location: 2F
0-2: Ball
Manuel Carmona steals 2nd base
1-2: Strikes out looking
Bottom of the 2nd over - 3 runs, 4 hits, 0 errors, 2 left on base; D.C. 0 - Boston 3
TOP OF THE 3RD
D.C. Divided batting - Pitching for Boston Patriots : RHP Valentín Rivera
Batting: RHB Sinclair Bothof 0-0: Called Strike
0-1: Ground out 6-3 (Groundball, 6)
Batting: RHB Arturo Rodríguez 0-0: Called Strike
0-1: Foul Ball, location: 2F
0-2: Ball
1-2: Fly out, F7 (Line Drive, 7)
Batting: RHB Ken Bone 0-0: Ground out 6-3 (Groundball, 6)
Top of the 3rd over - 0 runs, 0 hits, 0 errors, 0 left on base; D.C. 0 - Boston 3
BOTTOM OF THE 3RD
Boston Patriots batting - Pitching for D.C. Divided : RHP Iván Vázquez
Batting: LHB Jorge Alejándrez 0-0: SOLO HOME RUN (Flyball, 7LD), Distance : 339 ft
Batting: RHB Roland Deschain 0-0: Ball
1-0: Swinging Strike
1-1: Ball
2-1: Ball
3-1: Ground out 1-3 (Groundball, 13)
Batting: RHB Dennis Wacher 0-0: Called Strike
0-1: Swinging Strike
0-2: Ball
1-2: Ball
2-2: Ground out 5-3 (Groundball, 5)
Batting: RHB Anselmo Berneu 0-0: Called Strike
0-1: Ball
1-1: Ball
2-1: Ball
3-1: Foul Ball, location: 2F
3-2: Base on Balls
Batting: RHB Stanley van de Ven 0-0: Swinging Strike
0-1: Foul Ball, location: 2F
0-2: Strikes out looking
Bottom of the 3rd over - 1 run, 1 hit, 0 errors, 1 left on base; D.C. 0 - Boston 4
TOP OF THE 4TH
D.C. Divided batting - Pitching for Boston Patriots : RHP Valentín Rivera
Batting: RHB José Torres 0-0: Ball
1-0: Ball
2-0: Ball
3-0: Base on Balls
Batting: LHB Yao-pang Chiang 0-0: Ball
1-0: Foul Ball, location: 2F
1-1: Ball
2-1: Ball
3-1: Base on Balls
José Torres to second
Batting: RHB Daryl Yandell 0-0: Ball
1-0: Ball
2-0: SINGLE (Groundball, 56D)
José Torres to third
Yao-pang Chiang to second
Batting: RHB Dan Vanblarcom 0-0: Called Strike
0-1: Ball
1-1: Foul Ball, location: 2F
1-2: SINGLE (Line Drive, 56)
José Torres scores
Yao-pang Chiang to third
Daryl Yandell to second
Batting: RHB Oliver Aranda 0-0: Swinging Strike
0-1: Ball
1-1: Foul Ball, location: 2F
1-2: Foul Ball, location: 2F
1-2: Ball
2-2: Fly out, F7 (Flyball, 7D)
Runner from 3rd tags up, SCORES, throw made
Batting: RHB Amon-Ra St. Brown 0-0: Ball
1-0: Swinging Strike
1-1: DOUBLE (Line Drive, 78D)
Daryl Yandell scores
Dan Vanblarcom to third
Runner from 3rd tries for Home, SAFE, no throw
Batting: RHB Sinclair Bothof 0-0: Fly out, F7 (Flyball, 78M)
Batting: RHB Arturo Rodríguez 0-0: Fly out, F8 (Flyball, 89D)
Top of the 4th over - 4 runs, 3 hits, 0 errors, 1 left on base; D.C. 4 - Boston 4
BOTTOM OF THE 4TH
Boston Patriots batting - Pitching for D.C. Divided : RHP Iván Vázquez
Batting: RHB Francisco Agámez 0-0: SINGLE (Groundball, 6MD)
Batting: SHB Edward Sterrenburg 0-0: Called Strike
0-1: Swinging Strike
0-2: Ball
1-2: Ball
2-2: Foul Ball, location: 2F
2-2: Ball
3-2: Grounds into double play, 1-6-3 (Groundball, 13)
Batting: LHB Manuel Carmona 0-0: Called Strike
0-1: Ball
1-1: Ball
2-1: Ball
3-1: Base on Balls
Batting: LHB Adrián Gómez 0-0: Called Strike
0-1: Fielders Choice at 2nd, 5-4 (Groundball, 56)
Bottom of the 4th over - 0 runs, 1 hit, 0 errors, 1 left on base; D.C. 4 - Boston 4
TOP OF THE 5TH
D.C. Divided batting - Pitching for Boston Patriots : RHP Valentín Rivera
Batting: RHB Ken Bone 0-0: Ball
1-0: Swinging Strike
1-1: Ball
2-1: Ground out 4-3 (Groundball, 34)
Batting: RHB José Torres 0-0: Foul Ball, location: 2F
0-1: Ball
1-1: Ground out 5-3 (Groundball, 56S)
Batting: LHB Yao-pang Chiang 0-0: Foul Ball, location: 2F
0-1: Ball
1-1: Ball
2-1: Swinging Strike
2-2: Foul Ball, location: 2F
2-2: Foul Ball, location: 2F
2-2: Ball
3-2: Fly out, F7 (Flyball, 78D)
Top of the 5th over - 0 runs, 0 hits, 0 errors, 0 left on base; D.C. 4 - Boston 4
BOTTOM OF THE 5TH
Boston Patriots batting - Pitching for D.C. Divided : RHP Iván Vázquez
Batting: LHB Jorge Alejándrez 0-0: Ball
1-0: Called Strike
1-1: Swinging Strike
1-2: Strikes out swinging
Batting: RHB Roland Deschain 0-0: Ball
1-0: Foul Ball, location: 2F
1-1: Ball
2-1: SINGLE (Groundball, 56D)
Batting: RHB Dennis Wacher 0-0: Called Strike
0-1: Called Strike
Roland Deschain steals 2nd base
0-2: Foul Ball, location: 2F
0-2: Ball
1-2: Ball
2-2: Fly out, F7 (Line Drive, 7)
Batting: RHB Anselmo Berneu 0-0: Ball
1-0: Ball
2-0: Fly out, F8 (Flyball, 8RS)
Bottom of the 5th over - 0 runs, 1 hit, 0 errors, 1 left on base; D.C. 4 - Boston 4
TOP OF THE 6TH
D.C. Divided batting - Pitching for Boston Patriots : RHP Valentín Rivera
Pitching: LHP Bradley Roth
Batting: RHB Daryl Yandell 0-0: Swinging Strike
0-1: Called Strike
0-2: Ball
1-2: Strikes out swinging
Batting: RHB Dan Vanblarcom 0-0: Ball
1-0: Ball
2-0: Foul Ball, location: 2F
2-1: Swinging Strike
2-2: Foul Ball, location: 2F
2-2: Ball
3-2: Strikes out swinging
Batting: RHB Oliver Aranda 0-0: Called Strike
0-1: Ball
1-1: Fly out, F3 (Line Drive, 3S)
Top of the 6th over - 0 runs, 0 hits, 0 errors, 0 left on base; D.C. 4 - Boston 4
BOTTOM OF THE 6TH
Boston Patriots batting - Pitching for D.C. Divided : RHP Iván Vázquez
Pitching: RHP Baker Mayfield
Batting: RHB Stanley van de Ven 0-0: Ball
1-0: Ball
2-0: Called Strike
2-1: Fly out, F6 (Line Drive, 6)
Batting: RHB Francisco Agámez 0-0: Ball
1-0: Ball
2-0: Ground out 6-3 (Groundball, 6)
Batting: SHB Edward Sterrenburg 0-0: Ground out 6-3 (Groundball, 6)
Bottom of the 6th over - 0 runs, 0 hits, 0 errors, 0 left on base; D.C. 4 - Boston 4
TOP OF THE 7TH
D.C. Divided batting - Pitching for Boston Patriots : LHP Bradley Roth
Batting: RHB Amon-Ra St. Brown 0-0: Fly out, F8 (Flyball, 89M)
Batting: RHB Sinclair Bothof 0-0: Swinging Strike
0-1: Ball
1-1: Ball
2-1: Swinging Strike
2-2: Strikes out swinging
Batting: RHB Arturo Rodríguez 0-0: Ball
1-0: Foul Ball, location: 2F
1-1: Swinging Strike
1-2: Foul Ball, location: 2F
1-2: Strikes out swinging
Top of the 7th over - 0 runs, 0 hits, 0 errors, 0 left on base; D.C. 4 - Boston 4
BOTTOM OF THE 7TH
Boston Patriots batting - Pitching for D.C. Divided : RHP Baker Mayfield
Batting: LHB Manuel Carmona 0-0: Ground out 5-3 (Groundball, 56)
Batting: LHB Adrián Gómez 0-0: Ball
1-0: Ball
2-0: Foul Ball, location: 2F
2-1: Foul Ball, location: 2F
2-2: Strikes out swinging
Batting: LHB Jorge Alejándrez 0-0: Called Strike
0-1: Ball
1-1: Ball
2-1: Foul Ball, location: 2F
2-2: Ball
3-2: Fly out, F8 (Flyball, 8LS)
Bottom of the 7th over - 0 runs, 0 hits, 0 errors, 0 left on base; D.C. 4 - Boston 4
TOP OF THE 8TH
D.C. Divided batting - Pitching for Boston Patriots : LHP Bradley Roth
Pitching: RHP Jamel Rhoads
Batting: RHB Ken Bone 0-0: Ball
1-0: Ball
2-0: Ball
3-0: Foul Ball, location: 2F
3-1: Hit by Pitch
Pinch Runner at 1st Ryan Marken:
Batting: RHB José Torres 0-0: Called Strike
0-1: Ball
1-1: Called Strike
1-2: Ball
2-2: Fly out, F9 (Line Drive, 89M)
Batting: LHB Yao-pang Chiang 0-0: Called Strike
0-1: Ground out 5-3 (Groundball, 56)
Ryan Marken to second
Batting: RHB Daryl Yandell 0-0: Ball
1-0: Foul Ball, location: 2F
1-1: SINGLE (Popup, 4D)
Ryan Marken to third
Runner from 3rd tries for Home, SAFE, no throw
Batting: RHB Dan Vanblarcom 0-0: Fly out, F7 (Flyball, 7LSF)
Top of the 8th over - 1 run, 1 hit, 0 errors, 1 left on base; D.C. 5 - Boston 4
BOTTOM OF THE 8TH
Boston Patriots batting - Pitching for D.C. Divided : RHP Baker Mayfield
Pitching: RHP Brewster Warble
Batting: RHB Roland Deschain 0-0: SINGLE (Line Drive, 56D)
Batting: RHB Dennis Wacher 0-0: Ball
1-0: Fly out, F8 (Flyball, 8LD)
Batting: RHB Anselmo Berneu 0-0: Ball
1-0: Ball
2-0: Ball
3-0: Fly out, F6 (Popup, 6MS)
Batting: RHB Stanley van de Ven 0-0: Ball
1-0: Foul Ball, location: 2F
1-1: Called Strike
1-2: Foul Ball, location: 2F
1-2: Foul Ball, location: 2F
1-2: Ball
Roland Deschain steals 2nd base
2-2: Strikes out swinging
Bottom of the 8th over - 0 runs, 1 hit, 0 errors, 1 left on base; D.C. 5 - Boston 4
TOP OF THE 9TH
D.C. Divided batting - Pitching for Boston Patriots : RHP Jamel Rhoads
Batting: RHB Oliver Aranda 0-0: Called Strike
0-1: Ground out 6-3 (Groundball, 6)
Batting: RHB Amon-Ra St. Brown 0-0: Ball
1-0: Swinging Strike
1-1: Foul Ball, location: 2F
1-2: Ball
2-2: Ball
3-2: Strikes out swinging
Batting: RHB Sinclair Bothof 0-0: Ball
1-0: Called Strike
1-1: Called Strike
1-2: Foul Ball, location: 2F
1-2: Ball
2-2: Ground out 5-3 (Groundball, 56S)
Top of the 9th over - 0 runs, 0 hits, 0 errors, 0 left on base; D.C. 5 - Boston 4
BOTTOM OF THE 9TH
Boston Patriots batting - Pitching for D.C. Divided : RHP Brewster Warble
Pitching: RHP Roberto Silva
Batting: RHB Francisco Agámez 0-0: Called Strike
0-1: Foul Ball, location: 2F
0-2: Ground out 4-3 (Groundball, 4)
Batting: SHB Edward Sterrenburg 0-0: Ball
1-0: Ball
2-0: Swinging Strike
2-1: Ball
3-1: Foul Ball, location: 2F
3-2: Foul Ball, location: 2F
3-2: Ground out 4-3 (Groundball, 4)
Batting: LHB Manuel Carmona 0-0: Ground out 6-3 (Groundball, 6)
Bottom of the 9th over - 0 runs, 0 hits, 0 errors, 0 left on base; D.C. 5 - Boston 4
Friday, March 29th, 2019 - OOTP Baseball 18.8 Build 76